Map: New Gettysburg LE

Players

Gracz - Winner!

  • Race: Protoss Protoss
  • League: Bronze

BUNZY

  • Race: Protoss Protoss
  • League: Silver

VOD

Have the link to the VOD?

Description

Time

  • Played on: Sept. 18, 2016, 2:27 p.m.
  • Length: 4:50
Show
View Real Time Build Order
Export as new Build Order

Gracz Protoss - Winner!

Build Orders:  

Get SALT Encoding   

  12  0:01  Probe (Chrono Boost)  
  13  0:13  Probe (Chrono Boost)  
  14  0:20  Pylon  
  14  0:25  Probe (Chrono Boost)  
  15  0:44  Assimilator  
  15  0:45  Probe (Chrono Boost)  
  16  0:52  Pylon  
  16  1:02  Gateway  
  16  1:13  Probe (Chrono Boost)  
  17  1:20  Gateway  
  17  1:25  Gateway  
  17  1:37  Probe (Chrono Boost)  
  18  1:48  Probe (Chrono Boost)  
  18  1:52  Cybernetics Core  
  19  2:00  Zealot  
  21  2:08  Zealot  
  23  2:12  Zealot  
  25  2:16  Probe (Chrono Boost)  
  25  2:21  Assimilator  
  26  2:27  Probe (Chrono Boost)  
  27  2:31  Pylon  
  27  2:41  Stalker  
  29  2:48  Stalker  
  32  2:58  Probe (Chrono Boost)  
  32  3:11  Stalker  
  34  3:18  Stalker  
  34  3:41  Stalker  
  34  3:46  Gateway  
  33  3:48  Stalker  
  36  4:11  Stalker  
Show
View Real Time Build Order
Export as new Build Order

BUNZY Protoss 

Build Orders:  

Get SALT Encoding   

  12  0:11  Probe (Chrono Boost)  
  13  0:22  Probe (Chrono Boost)  
  14  0:28  Pylon  
  14  0:34  Assimilator  
  14  0:51  Gateway  
  14  0:59  Probe (Chrono Boost)  
  15  1:09  Probe (Chrono Boost)  
  16  1:20  Probe (Chrono Boost)  
  17  1:30  Probe (Chrono Boost)  
  18  1:41  Probe (Chrono Boost), Cybernetics Core  
  19  1:53  Probe (Chrono Boost)  
  20  2:01  Zealot  
  20  2:03  Probe (Chrono Boost)  
  23  2:17  Warp Gate  
  23  2:27  Gateway  
  23  2:33  Pylon  
  22  2:47  Assimilator  
  22  2:51  Zealot  
  24  2:53  Gateway  
  24  2:57  Gateway  
  24  3:01  Pylon  
  24  3:18  Zealot  
  26  3:25  Pylon  
  26  3:31  Stalker  
  26  3:36  Mothership Core (Chrono Boost)  
  25  3:44  Stalker  
  25  3:45  Zealot  
  25  3:46  Stalker  
  27  4:12  Zealot  
Tags
 
Add a new tag
Caveats
  • Supply blocks, unpowered buildings, or Contaminate may cause inaccurate times.
  • Supply counts are checked every 10 seconds.